 Dungeon Crawl Stone Soup version 0.29-a0-997-gf6f7e2dfe7 (webtiles) character file.

Game seed: 18056084039339834115

127 gelatine the Chopper (level 4, -7/34 HPs)
             Began as a Demonspawn Gladiator on Aug 5, 2022.
             Mangled by a gnoll
             ... wielding a +0 halberd
              (13 damage)
             ... on level 3 of the Dungeon.
             The game lasted 00:05:11 (2287 turns).

gelatine the Chopper (Demonspawn Gladiator)         Turns: 2287, Time: 00:05:11

Health: -7/34      AC:  4    Str: 17    XL:     4   Next: 85%
Magic:  4/4        EV: 13    Int:  9    God:
Gold:   157        SH:  0    Dex: 16    Spells: 3/3 levels left

rFire   + . .      SeeInvis .   a - +0 war axe
rCold   + . .      Faith    .   (no shield)
rNeg    . . .      Spirit   .   b - +0 leather armour
rPois   .          Reflect  .   c - +0 helmet
rElec   .          Harm     .   k - scarf {rC+ rF+}
rCorr   .          Rampage  .   (no gloves)
Will    .....                   (no boots)
Stlth   ++........              (no amulet)
HPRegen 0.11/turn               (no ring)
MPRegen 0.09/turn               (no ring)

@: no status effects
A: hooves 1, thin skeletal structure 1, foul stench 1
a: no special abilities


You were on level 3 of the Dungeon.
You visited 1 branch of the dungeon, and saw 3 of its levels.

You collected 157 gold pieces.

Inventory:

Hand Weapons
 a - a +0 war axe (weapon)
 g - a +3 dagger
 l - a +0 dagger of speed
 p - a +0 dagger of venom
Missiles
 d - 2 throwing nets (quivered)
 e - a javelin
 m - 3 poisoned darts
Armour
 b - a +0 leather armour (worn)
 c - a +0 helmet (worn)
 k - a scarf of resistance (worn)
Scrolls
 f - 3 scrolls of vulnerability {unknown}
 o - 2 scrolls of identify {unknown}
 r - 2 scrolls of magic mapping {unknown}
Potions
 h - a potion of curing {unknown}
 i - a potion of lignification {unknown}
 j - a potion of heal wounds {unknown}
 n - a potion of degeneration {unknown}
 q - a potion of brilliance {unknown}


   Skills:
 + Level 2.6 Fighting
 + Level 3.5 Axes
 + Level 2.0 Throwing
 + Level 1.4 Armour
 + Level 3.4 Dodging
 + Level 0.8 Stealth


You had 3 spell levels left.
You didn't know any spells.
Your spell library contained the following spells:

 Spells                   Type           Power      Damage    Failure   Level
 Static Discharge         Conj/Air       0%         3-3/arc   58%         2
 Dispel Undead            Necr           0%         3d6       99%         4
 Sticky Flame             Conj/Fire      0%         2d3       99%         4


Dungeon Overview and Level Annotations

Branches:
Dungeon (3/15)

Altars:

Shops:
D:1 =   D:2 !


Innate Abilities, Weirdness & Mutations

You have large cloven feet.
You have a somewhat thin skeletal structure. (Dex +2, Stealth+)
You may rarely emit foul miasma when damaged in melee.


Message History

The gnoll shouts!
The gnoll moves out of view.
A gnoll comes into view. It is wielding a +0 halberd.
A gnoll comes into view. It is wielding a +0 halberd.
The gnoll moves out of view.
You completely miss the gnoll.
The gnoll shouts!
You hear a shout!
The gnoll hits you with a +0 halberd.
You completely miss the gnoll. You slash the gnoll!
The gnoll hits you with a +0 whip. The gnoll hits you with a +0 halberd!
The gnoll barely misses you. The gnoll closely misses you.
You closely miss the gnoll. You kick the gnoll.
The gnoll is lightly wounded.
You closely miss the gnoll. The gnoll misses you. The gnoll barely misses you.
The gnoll hits you from afar with a +0 halberd.
You closely miss the gnoll. Your kick misses the gnoll.
The gnoll is severely wounded.
The gnoll hits you from afar with a +0 halberd.
The gnoll hits you with a +0 whip.
You slash the gnoll!
You kill the gnoll!
The gnoll barely misses you. x2; The gnoll closely misses you.
The gnoll misses you. The gnoll hits you but does no damage.
Things that are here:
a +0 whip; a gnoll corpse You slash the gnoll!
You kill the gnoll!
The gnoll hits you from afar with a +0 halberd!
* * * LOW HITPOINT WARNING * * *
Things that are here:
a +0 halberd; a gnoll corpse The gnoll barely misses you.
You hit the gnoll. Your kick misses the gnoll.
The gnoll is lightly wounded.
The gnoll barely misses you.
You hit the gnoll but do no damage. You kick the gnoll, but do no damage.
The gnoll is lightly wounded.
The gnoll hits you with a +0 halberd!
You die...

#.##.###.#.###.###.#.
#.#....#.............
###....#.#...........
#..................
#....#....##.##..##
#..###.#..##.##..##
#...............†.>
#)#g##.#...........
#)@................
#.##.#.#.[...###.#.
#.##.#.#.....###.#.
#.##.#.............
#..............#.#.
#.#..........#.#.#.
#.#.#...........)).
#.........#..#.#†##
.#.#.#.#..#.#)#


You could see a gnoll.

Vanquished Creatures
  Jessica (D:2)
  5 gnolls (D:3)
  A worm (D:2)
  A dart slug (D:2)
  2 endoplasms
  2 giant cockroaches
  5 goblins
  6 hobgoblins
  3 kobolds (D:2)
  A quokka (D:1)
  7 ball pythons
  5 bats
  2 frilled lizards
  4 rats
45 creatures vanquished.

Notes
Turn   | Place    | Note
-------+----------+-------------------------------------------
     0 | D:1      | gelatine the Demonspawn Gladiator began the quest for the
                  | Orb.
     0 | D:1      | Reached XP level 1. HP: 16/16 MP: 1/1
   389 | D:1      | Found a faded altar of an unknown god.
   392 | D:1      | Gained mutation: You have large cloven feet. [demonic
                  | ancestry]
   392 | D:1      | Reached XP level 2. HP: 21/22 MP: 2/2
   565 | D:1      | Found Xelo's Jewellery Shop.
  1445 | D:2      | Noticed Jessica
  1449 | D:2      | Killed Jessica
  1450 | D:2      | Gained mutation: You have a somewhat thin skeletal
                  | structure. (Dex +2, Stealth+) [demonic ancestry]
  1450 | D:2      | Reached XP level 3. HP: 28/28 MP: 3/3
  1473 | D:2      | Found Rafiul's Distillery.
  1797 | D:2      | Gained mutation: You may rarely emit foul miasma when
                  | damaged in melee. [demonic ancestry]
  1797 | D:2      | Reached XP level 4. HP: 34/34 MP: 4/4
  1995 | D:2      | Reached skill level 1 in Armour
  2287 | D:3      | Mangled by a gnoll

Illustrated notes

Levels and vault maps discovered:
D:1:      saegor_arrival_fortress, layout_basic,
          ebering_ecumenical_altar_sacrificial, serial_shops, shop,
          minmay_tetromino_l2
D:2:      layout_loops_ring, serial_shops, nicolae_square_shop,
          small_statue_intersection, uniq_jessica
D:3:      layout_basic, nzn_overflow_gifts_of_might_and_magic,
          minmay_fractal_squares_gapless_5, uniq_crazy_yiuf_cottage

Skill      XL: |  1  2  3  4 |
---------------+-------------+-----
Axes           | 3 |  3.5
Dodging        | 3 |  3.4
Throwing       | 2 |  2.0
Armour         | 1 |  1.4
Fighting       | |  2.6
Stealth        | |  0.8

Action                   |  1- 3 |  4- 6 || total
-------------------------+-------+-------++-------
Melee: War axe           |    68 |    22 ||    90
       Kick              |    14 |     5 ||    19
Throw: Dart              |       |     3 ||     3
       Throwing net      |       |     3 ||     3
       Javelin           |       |     1 ||     1
 Stab: Sleeping          |     4 |     1 ||     5
Armor: Leather armour    |    20 |     6 ||    26
Dodge: Dodged            |    44 |    28 ||    72

Table legend: (Time is in decaauts)
 A = Elapsed time spent in this place.
 B = Non-inter-level travel time spent in this place.
 C = Inter-level travel time spent in this place.
 D = Time resting spent in this place.
 E = Time spent auto-exploring this place.
 F = Levels seen in this place.
 G = Mean time per level.
                   A        B        C        D        E       F      G
               +--------+--------+--------+--------+--------+-----+--------+
         Total |   2316 |   2153 |    163 |      0 |   1739 |   3 |  772.0 |
       Dungeon |   2316 |   2153 |    163 |      0 |   1739 |   3 |  772.0 |
               +--------+--------+--------+--------+--------+-----+--------+

Top non-repeatable levels by time:
     D:1: 1412 daAuts
     D:2: 684 daAuts
     D:3: 220 daAuts
